 Dungeon Crawl Stone Soup version 0.24.0-2-g5b39cebb1c (webtiles) character file.

Game seed: 3730776541756456688, levelgen mode: deterministic

1814 Esekla the Magician (level 9, -3/68 (69) HPs)
             Began as a Ghoul Venom Mage on Oct 29, 2019.
             Was a Follower of Uskayaw.
             Slain by a water moccasin zombie (6 damage)
             ... on level 6 of the Dungeon.
             The game lasted 01:00:41 (5451 turns).

Esekla the Magician (Ghoul Venom Mage)              Turns: 5451, Time: 01:00:42

HP:   -3/68 (69)    AC:  6    Str: 12    XL:     9   Next: 10%
MP:   4/14          EV: 13    Int: 13    God:    Uskayaw [*.....]
Gold: 342           SH:  0    Dex:  9    Spells: 5/17 levels left

rFire    + . .     SeeInvis .   t - +0 long sword
rCold    + . .     Gourm    .   (no shield)
rNeg     + + +     Faith    .   e - +2 robe {rF+}
rPois    ∞         Spirit   .   m - +0 helmet
rElec    .         Reflect  .   (no cloak)
rCorr    .         Harm     .   y - +0 pair of gloves
MR       .....                  (no boots)
Stlth    ++........             (no amulet)
HPRegen  0.00/turn              (no ring)
MPRegen  0.14/turn              (no ring)

@: very slightly contaminated, rotting
A: rotting body, claws 1, carnivore, cold resistance 1, negative energy
resistance 3, inhibited regeneration, torment resistance, unbreathing
a: Stomp, Renounce Religion


You were on level 6 of the Dungeon.
You worshipped Uskayaw.
Uskayaw was noncommittal.
You were not hungry.

You visited 2 branches of the dungeon, and saw 7 of its levels.

You collected 342 gold pieces.

Inventory:

Hand Weapons
 j - a +0 spear
 t - a +0 long sword (weapon)
 A - a +0 short sword
Missiles
 a - 4 boomerangs of dispersal
 h - 4 javelins
 l - 13 poisoned darts
 u - 5 boomerangs (quivered)
Armour
 e - a +2 robe of fire resistance (worn)
 k - a +1 pair of gloves of strength
 m - a +0 helmet (worn)
 y - a +0 pair of gloves (worn)
Wands
 b - a wand of enslavement (4)
 o - a wand of random effects (24)
 v - a wand of paralysis (8)
Scrolls
 d - a scroll of fear {unknown}
 i - a scroll of holy word {unknown}
 p - a scroll of remove curse
 q - 2 scrolls of amnesia
 r - a scroll of magic mapping
 s - 6 scrolls of teleportation
 x - a scroll of immolation {unknown}
Potions
 f - 2 potions of flight {unknown}
 g - 5 potions of brilliance
 n - a potion of ambrosia {unknown}
 w - a potion of berserk rage {unknown}
 z - a potion of haste {unknown}
 B - a potion of curing {unknown}
Comestibles
 c - 15 rations


   Skills:
 + Level 3.1 Fighting
 + Level 4.3 Long Blades
 + Level 4.1 Dodging
 - Level 2.1 Stealth
 + Level 2.7 Unarmed Combat
 * Level 4.5 Spellcasting
 * Level 2.5 Conjurations
 * Level 2.1 Hexes
 + Level 3.8 Air Magic
 + Level 3.3 Poison Magic


You had 5 spell levels left.
You knew the following spells:

 Your Spells              Type           Power        Failure   Level  Hunger
a - Corona                Hex            #......      9%          1    None
b - Tukima's Dance        Hex            #.......     24%         3    ###....
c - Mephitic Cloud        Conj/Pois/Air  ##......     16%         3    ###....
d - Dazzling Spray        Conj/Hex       #.....       22%         3    ###....
v - Poisonous Vapours     Pois/Air       ##....       7%          2    ##.....

Your spell library contained the following spells:

 Spells                   Type           Power        Failure   Level  Hunger
 Shock                    Conj/Air       ##..         5%          1    None
 Sting                    Conj/Pois      ##..         6%          1    None
 Swiftness                Chrm/Air       #.......     14%         2    ##.....
 Static Discharge         Conj/Air       ##......     16%         3    ###....
 Ensorcelled Hibernation  Hex/Ice        #.....       19%         2    ##.....
 Confuse                  Hex            #.......     24%         3    ###....
 Airstrike                Air            ##........   38%         4    ####...
 Olgreb's Toxic Radiance  Pois           ##......     43%         4    ####...
 Lightning Bolt           Conj/Air       ##........   82%         5    ######.
 Venom Bolt               Conj/Pois      ##........   85%         5    ######.


Dungeon Overview and Level Annotations

Branches:
Dungeon (6/15)             Temple (1/1) D:4

Altars:
Ashenzari
Cheibriados
Dithmenos
Elyvilon
Fedhas
Gozag
Hepliaklqana
Kikubaaqudgha
Makhleb
Okawaru
Qazlal
Ru
Sif Muna
Trog
Uskayaw
Vehumet
Wu Jian
Xom
Yredelemnul
The Shining One

Shops:
D:5 (

Annotations:
D:3 Grinder


Innate Abilities, Weirdness & Mutations

Your body is rotting away.
You thrive on raw meat.
You are immune to poison.
You have sharp fingernails.
You are carnivorous and can eat meat at any time.
Your flesh is cold resistant. (rC+)
You are immune to negative energy. (rN+++)
You do not regenerate when monsters are visible.
You are immune to unholy pain and torment.
You can survive without breathing.


Message History

The water moccasin zombie is moderately damaged.
The water moccasin zombie bites you but does no damage.
The water moccasin zombie bites you but does no damage.
You see here a stone.
Casting: Dazzling Spray (safe; 22% risk of failure)
Confirm with . or Enter, or press ? or * to list all spells.
You don't know that spell.
Casting: Dazzling Spray (safe; 22% risk of failure)
Confirm with . or Enter, or press ? or * to list all spells.
Aiming: Dazzling Spray (safe; 22% risk of failure)
Press: ? - help, Shift-Dir - straight line, f/p - water moccasin zombie
Aim: a water moccasin zombie (moderately damaged)
The spray of energy misses the water moccasin zombie.
The water moccasin zombie misses you.
You barely miss the water moccasin zombie.
The water moccasin zombie is moderately damaged.
The water moccasin zombie bites you!
* * * LOW HITPOINT WARNING * * *
The water moccasin zombie bites you.
You die...

..#......##.###...###.#.#...####.
......#..##.# #...# #.#..........
............###...###..........#.
#.##.###.##...........###...####.
##.# # ####..####### #........
#.# #.## #...####. #.# #.#
#...####.
####.#########.##########........
................@Z....(....#####.
####.####################.## #.
####.####### ### #. ............
#. ############ #. ##


You could see a water moccasin zombie.

Vanquished Creatures
  Sigmund (D:3)
  Eustachio (D:4)
  An ice beast (D:5)
  A sky beast (D:6)
  3 centaurs
  An ogre (D:3)
  2 bullfrogs (D:6)
  5 crimson imps
  A bullfrog zombie (D:5)
  A jelly (D:6)
  A hound (D:5)
  2 orc priests
  An orc wizard (D:6)
  Ijyb (D:4)
  Jessica (D:2)
  An iguana (D:4)
  Terence (D:3)
  8 worker ants
  A hound skeleton (D:4)
  A howler monkey skeleton (D:5)
  6 adders
  4 gnolls
  A shadow imp (D:6)
  An adder skeleton (D:4)
  An adder zombie (D:5)
  4 worms
  4 dart slugs
  14 orcs
  9 bats (D:1)
  3 giant cockroaches
  13 goblins
  3 hobgoblins
  11 jackals
  5 kobolds
  3 quokkas (D:5)
  4 frilled lizards
  A jackal skeleton (D:5)
  A quokka skeleton (D:5)
  4 rats (D:1)
  A plant (D:1)
128 creatures vanquished.

Notes
Turn   | Place    | Note
-------+----------+-------------------------------------------
     0 | D:1      | Esekla the Ghoul Venom Mage began the quest for the Orb.
     0 | D:1      | Reached XP level 1. HP: 14/14 MP: 2/2
   171 | D:1      | Reached XP level 2. HP: 9/20 MP: 3/3
   229 | D:1      | Learned a level 2 spell: Poisonous Vapours
   436 | D:2      | Reached skill level 1 in Unarmed Combat
   436 | D:2      | Reached XP level 3. HP: 24/26 MP: 1/4
   569 | D:2      | HP: 1/27 [goblin/+0 club (4)]
   911 | D:1      | Reached skill level 1 in Fighting
  1075 | D:1      | Reached XP level 4. HP: 31/34 MP: 5/5
  1415 | D:2      | Reached skill level 1 in Air Magic
  1445 | D:2      | Found a shimmering blue altar of Sif Muna.
  1445 | D:2      | Noticed Jessica
  1453 | D:2      | Killed Jessica
  1524 | D:2      | Became a worshipper of Sif Muna the Loreminder
  1870 | D:3      | Noticed Grinder
  1871 | D:3      | Noticed an ogre
  1889 | D:2      | Reached XP level 5. HP: 38/40 MP: 1/7
  1956 | D:3      | Killed an ogre
  2095 | D:3      | Noticed Terence
  2108 | D:3      | Killed Terence
  2108 | D:3      | Reached XP level 6. HP: 34/47 MP: 1/8
  2140 | D:3      | Noticed Sigmund
  2268 | D:3      | Killed Sigmund
  2268 | D:3      | Reached * piety under Sif Muna
  2268 | D:3      | Reached skill level 1 in Long Blades
  2545 | D:3      | Reached XP level 7. HP: 38/52 MP: 2/10
  2651 | D:4      | Noticed Eustachio
  2667 | D:4      | Killed Eustachio
  2900 | D:4      | Learned a level 3 spell: Mephitic Cloud
  2904 | D:4      | Learned a level 3 spell: Tukima's Dance
  2908 | D:4      | Learned a level 3 spell: Dazzling Spray
  3051 | D:4      | Reached skill level 1 in Conjurations
  3113 | D:4      | Found a staircase to the Ecumenical Temple.
  3216 | D:4      | Noticed Ijyb
  3243 | D:4      | Killed Ijyb
  3457 | Temple   | Entered the Ecumenical Temple
  3560 | Temple   | Fell from the grace of Sif Muna
  3560 | Temple   | Became a worshipper of Uskayaw the Reveler
  3615 | D:5      | Entered Level 5 of the Dungeon
  3678 | D:5      | Reached * piety under Uskayaw
  3778 | D:5      | Reached ** piety under Uskayaw
  3782 | D:5      | Reached *** piety under Uskayaw
  3812 | D:5      | Learned a level 1 spell: Corona
  3884 | D:5      | Reached skill level 1 in Hexes
  3884 | D:5      | Reached XP level 8. HP: 44/61 MP: 12/12
  4040 | D:5      | Reached **** piety under Uskayaw
  4069 | D:5      | Reached ***** piety under Uskayaw
  4409 | D:5      | Found Zagoruch's Weapon Shoppe.
  4881 | D:6      | HP: 1/62 [centaur/arrow (10)]
  5230 | D:6      | Found a shimmering blue altar of Sif Muna.
  5236 | D:6      | Found a sacrificial altar of Ru.
  5247 | D:6      | Found a shattered altar of Ashenzari.
  5254 | D:6      | Found an iron altar of Okawaru.
  5295 | D:6      | Reached XP level 9. HP: 38/69 MP: 11/14
  5451 | D:6      | HP: 3/68 [water moccasin zombie (7)]
  5451 | D:6      | Slain by a water moccasin zombie

Levels and vault maps discovered:
D:1:      scummos_arrival_gate, layout_basic, serial_bayou_pond_c,
          chequers_big_river, chequers_serial_rivers_micro_d
D:2:      layout_rooms, lemuel_crystal_altar, uniq_jessica
D:3:      layout_rooms, kennysheep_cross_bottleneck, uniq_grinder, uniq_terence,
          uniq_sigmund
D:4:      kennysheep_the_goblin_king, layout_basic,
          minmay_temple_entry_offerings, minmay_misc_feat_square,
          uniq_eustachio, uniq_ijyb
D:5:      layout_loops_ring, first_ration, serial_shops, shop,
          minmay_fractal_squares_diagonal_5
D:6:      layout_basic, gammafunk_temple_overflow_forgotten, zin_academy,
          basic_altar, minmay_misc_feat_cross, minmay_manual_mail
Temple:   kb_temple_of_zot

Skill      XL: |  1  2  3  4  5  6  7  8 |
---------------+-------------------------+-----
Dodging        | 2 3 4 |  4.1
Unarmed Combat | 1 2 |  2.7
Fighting       | 1 3 |  3.1
Air Magic      | 1 2 3 |  3.8
Spellcasting   | 2 3 4 |  4.5
Long Blades    | 1 2 4 |  4.3
Conjurations   | 1 2 |  2.5
Hexes          | 1 2 |  2.1
Stealth        | |  2.1
Poison Magic   | |  3.3

Action                   |  1- 3 |  4- 6 |  7- 9 || total
-------------------------+-------+-------+-------++-------
Melee: Unarmed           |   164 |    48 |       ||   212
       Falchion          |    29 |    64 |    65 ||   158
       Punch             |     3 |       |     3 ||     6
       Long sword        |       |       |   254 ||   254
Throw: Javelin           |       |       |     1 ||     1
       Boomerang         |       |       |     1 ||     1
 Cast: Sting             |     6 |       |       ||     6
       Poisonous Vapours |    12 |    34 |    36 ||    82
       Dazzling Spray    |       |       |    11 ||    11
       Mephitic Cloud    |       |       |     6 ||     6
       Corona            |       |       |     4 ||     4
  Use: Scroll            |       |     3 |     6 ||     9
       Potion            |       |       |     1 ||     1
 Stab: Sleeping          |     4 |     1 |     4 ||     9
       Paralysed         |       |       |     6 ||     6
       Invisible         |       |       |     2 ||     2
       Confused          |       |       |     1 ||     1
  Eat: Chunk             |    21 |    24 |    31 ||    76
Armor: Robe              |    33 |    23 |   126 ||   182
Dodge: Dodged            |   117 |    79 |   285 ||   481
       Rpst.: Falchion   |       |    12 |    24 ||    36
       Long sword        |       |       |    60 ||    60
